 Dungeon Crawl Stone Soup version 0.21-a0-142-gdd972a7 (webtiles) character file.

74 GlassEater the Covered (level 4, -6/37 HPs)
             Began as a Barachi Fighter on July 22, 2017.
             Mangled by Kurtz's ghost (13 damage)
             ... on level 3 of the Dungeon.
             The game lasted 00:03:18 (1796 turns).

GlassEater the Covered (Barachi Fighter)            Turns: 1796, Time: 00:03:19

Health: -6/37      AC: 12    Str: 22    XL:     4   Next: 28%
Magic:  4/4        EV:  7    Int:  9    God:
Gold:   121        SH:  9    Dex: 12    Spells: 3/3 levels left

rFire    x . .     SeeInvis +   a - +0 long sword
rCold    + . .     Gourm    .   c - +0 shield
rNeg     . . .     Faith    .   b - +0 scale mail
rPois    .         Spirit   .   k - +2 helmet {SInv}
rElec    .         Reflect  .   (no cloak)
rCorr    .         Harm     .   (no gloves)
MR       .....                  (no boots)
Stlth    ..........             (no amulet)
HPRegen  0.12/turn              u - ring of ice
MPRegen  0.09/turn              y - +2 ring of protection

@: mighty, slow
A: +LOS, swims, slowness 1, strong legs 1
a: Hop


You were on level 3 of the Dungeon.
You were not hungry.

You visited 1 branch of the dungeon, and saw 3 of its levels.

You collected 121 gold pieces.

Inventory:

Hand Weapons
 a - a +0 long sword (weapon)
Missiles
 l - 24 stones (quivered)
 z - 13 sling bullets
Armour
 b - a +0 scale mail (worn)
 c - a +0 shield (worn)
 k - a +2 helmet of see invisible (worn)
Jewellery
 u - a ring of ice (left hand)
 y - a +2 ring of protection (right hand)
Wands
 s - a wand of polymorph (19/24)
Scrolls
 e - 2 scrolls of teleportation {unknown}
 i - 2 scrolls of magic mapping {unknown}
 j - 3 scrolls of remove curse {unknown}
 n - a scroll of fog {unknown}
 p - 2 scrolls of recharging {unknown}
 v - a scroll of enchant armour {unknown}
Potions
 o - 2 potions of curing {unknown}
 t - a potion of flight {unknown}
 w - a potion of cancellation {unknown}
 x - a potion of haste {unknown}
Books
 r - a book of Minor Magic

   Spells                             Type                      Level
   a - Magic Dart                     Conjuration                  1
   b - Blink                          Translocation                2
   c - Call Imp                       Summoning                    2
   d - Slow                           Hexes                        2
   e - Conjure Flame                  Conjuration/Fire             3
   f - Mephitic Cloud                 Conjuration/Poison/Air       3
Comestibles
 f - 3 bread rations
 h - 2 royal jellies
 m - a fruit
 q - 2 meat rations


   Skills:
 + Level 4.2 Fighting
 + Level 3.4 Long Blades
 + Level 4.2 Armour
 + Level 0.2 Dodging
 + Level 4.0 Shields


You had 3 spell levels left.
You didn't know any spells.

Dungeon Overview and Level Annotations

Branches:
Dungeon (3/15)

Altars:
The Shining One

Annotations:
D:3 Kurtz's ghost, amateur TeGl


Innate Abilities, Weirdness & Mutations

Shadows flee at your approach. (+LOS)
You can swim through water.
You cover ground slowly.
You can hop short distances.


Message History

Kurtz's ghost is lightly damaged.
Kurtz's ghost hits you but does no damage.
You hit Kurtz's ghost but do no damage.
Kurtz's ghost is lightly damaged.
Kurtz's ghost hits you!
Kurtz's ghost whispers, "The ORB doesn't exist."
Kurtz's ghost hits you.
* * * LOW HITPOINT WARNING * * *
You hit Kurtz's ghost but do no damage. You block Kurtz's ghost's attack.
You feel very mighty all of a sudden. You block Kurtz's ghost's attack.
You completely miss Kurtz's ghost. Kurtz's ghost hits you.
* * * LOW HITPOINT WARNING * * *
You slash Kurtz's ghost!
Kurtz's ghost is heavily damaged.
You block Kurtz's ghost's attack. x2
You hit Kurtz's ghost.
Kurtz's ghost is heavily damaged.
Kurtz's ghost hits you!
You die...

....#.# #..#.##
#####.....
.........# #)#
#..#?#
######..#.# ..
........#W# .#
........#@# #.#
........#)# #.#
........#)###.#
.......)#(##..#
........#(##..#
..........(...#
####'##...##..#
#######..#
.........รท#


You could see Kurtz's ghost.

Vanquished Creatures
  Robin (D:2)
  2 worms
  3 dart slugs
  4 orcs (D:3)
  3 giant cockroaches (D:1)
  10 goblins
  8 hobgoblins
  4 kobolds
  4 bats
  4 frilled lizards
  A rat (D:3)
44 creatures vanquished.

Notes
Turn   | Place    | Note
-------+----------+-------------------------------------------
     0 | D:1      | GlassEater the Barachi Fighter began the quest for the Orb.
     0 | D:1      | Reached XP level 1. HP: 18/18 MP: 1/1
   105 | D:1      | Reached XP level 2. HP: 24/25 MP: 2/2
   656 | D:2      | Reached XP level 3. HP: 30/30 MP: 3/3
   848 | D:2      | Noticed Robin
   882 | D:2      | Killed Robin
  1154 | D:2      | Found a glowing golden altar of the Shining One.
  1293 | D:3      | Reached XP level 4. HP: 37/37 MP: 4/4
  1785 | D:3      | Noticed Kurtz's ghost (amateur TeGl)
  1796 | D:3      | Mangled by Kurtz's ghost

Vault maps used:
D:1:      lightli_arrival_statuegarden, minmay_statues_item
D:2:      nicolae_tso_swordbearing_angel, uniq_robin
D:3:      first_bread

Skill      XL: |  1  2  3 |
---------------+----------+-----
Fighting       | 4 |  4.2
Armour         | 4 |  4.2
Long Blades    | 3 |  3.4
Shields        | 4 |  4.0
Dodging        | |  0.2

Action                   |  1- 3 |  4- 6 || total
-------------------------+-------+-------++-------
Melee: Long sword        |   103 |    28 ||   131
  Use: Potion            |       |     1 ||     1
  Eat: Chunk             |     2 |     2 ||     4
Armor: Scale mail        |    48 |     6 ||    54
Dodge: Dodged            |    41 |     3 ||    44
Block: Shield            |    51 |    13 ||    64
       Rpst.: Long sword |    12 |     2 ||    14
